 Dungeon Crawl Stone Soup version 0.30-b1-2-g02819fbbbe (webtiles) character file.

Game seed: 13595675169066040416

60 raph the Firebug (level 3, -2/19 HPs)
             Began as a Deep Elf Fire Elementalist on Sept 11, 2023.
             Slain by an orc wizard
             ... wielding a +0 dagger
              (3 damage)
             ... on level 3 of the Dungeon.
             The game lasted 00:03:23 (2074 turns).

raph the Firebug (Deep Elf Fire Elementalist)       Turns: 2074, Time: 00:03:23

Health: -2/19      AC:  7    Str:  5    XL:     3   Next: 82%
Magic:  9/10       EV: 12    Int: 21    God:
Gold:   40         SH:  0    Dex: 15    Spells: 0/9 levels left

rFire   . . .        a - +1 short sword
rCold   . . .        (no shield)
rNeg    . . .        j - +0 robe
rPois   .            k - +0 helmet
rElec   .            (no cloak)
rCorr   .            (no gloves)
SInv    .            (no boots)
Will    .....        (no amulet)
Stlth   ++           i - +4 ring of protection
HPRegen 0.23/turn    (no ring)
MPRegen 0.12/turn

%: no passive effects
@: no status effects
A: no striking features
a: no special abilities


You were on level 3 of the Dungeon.
You visited 1 branch of the dungeon, and saw 3 of its levels.

You collected 82 gold pieces.
You spent 42 gold pieces at shops.

Inventory:

Hand Weapons
 a - a +1 short sword (weapon)
Missiles
 f - 3 throwing nets
Armour
 j - a +0 robe (worn)
 k - a +0 helmet (worn)
Jewellery
 i - a +4 ring of protection (left hand)
Wands
 m - a wand of quicksilver (6)
Scrolls
 c - a scroll of immolation {unknown}
 d - 2 scrolls of identify
 g - a scroll of fog
 h - a scroll of teleportation
 n - a scroll of magic mapping
Potions
 e - 2 potions of cancellation
 l - a potion of haste
 o - a potion of heal wounds {unknown}


   Skills:
 - Level 2.4 Dodging
 - Level 2.4 Stealth
 + Level 3.7 Spellcasting
 * Level 2.2 Conjurations
 * Level 4.4 Fire Magic
 + Level 0.2 Poison Magic


You couldn't memorise any spells.
You knew the following spells:

 Your Spells              Type           Power      Damage    Failure   Level
a - Foxfire               Conj/Fire      68%        2x1d7     3%          1
b - Scorch                Fire           44%        2d6       3%          2
c - Inner Flame           Hex/Fire       13%        N/A       16%         3
d - Mephitic Cloud        Conj/Pois/Air  7%         N/A       26%         3

Your spell library contained the following spells:

 Spells                   Type           Power      Damage    Failure   Level
 Magic Dart               Conj           52%        1d5       4%          1
 Apportation              Tloc           6%         N/A       12%         1
 Necrotise                Necr           12%        1d4       12%         1
 Summon Small Mammal      Summ           12%        N/A       12%         1
 Volatile Blastmotes      Fire/Tloc      26%        2d12      16%         3
 Call Imp                 Summ           6%         N/A       19%         2
 Flame Wave               Conj/Fire      17%        2d7       30%         4


Dungeon Overview and Level Annotations

Branches:
Dungeon (3/15)

Altars:

Shops:
D:2 *


Message History

The foxfire hits the orc.
You kill the orc!
The orc throws a boomerang of dispersal.
The boomerang of dispersal barely misses you.
Something hits you.
Casting: Foxfire (safe; 3% risk of failure)
Confirm with . or Enter, or press ? or * to list all spells.
You conjure some foxfire!
Something hits you but does no damage.
The foxfire hits something but does no damage.
Casting: Foxfire (safe; 3% risk of failure)
Confirm with . or Enter, or press ? or * to list all spells.
You conjure some foxfire!
The foxfire hits something.
Something hits you but does no damage.
The foxfire hits the orc.
The orc is moderately wounded.
Casting: Foxfire (safe; 3% risk of failure)
Confirm with . or Enter, or press ? or * to list all spells.
You conjure some foxfire!
The foxfire hits something.
Something hits you. Something hits you but does no damage.
Casting: Foxfire (safe; 3% risk of failure)
Confirm with . or Enter, or press ? or * to list all spells.
You conjure some foxfire!
The foxfire hits something.
Something barely misses you.
You hear some strange, mumbled words.
A puff of flame appears from out of thin air!
The puff of flame hits you!
* * * LOW HITPOINT WARNING * * *
The orc closely misses you. Magic courses through your body.
The foxfire hits something.
Something hits you but does no damage.
You hear some strange, mumbled words.
A magic dart appears from out of thin air!
The magic dart hits you.
* * * LOW HITPOINT WARNING * * *
The orc hits you but does no damage.
Casting: Foxfire (safe; 3% risk of failure)
Confirm with . or Enter, or press ? or * to list all spells.
You conjure some foxfire!
The orc hits you with a +0 whip.
* * * LOW HITPOINT WARNING * * *
Something hits you.
You die...

##_ .#
#8P
..#
#.# ##
#.#
###
.##.##
##.
...!
#..
#..#
##)
#vv#
######
#@{##
#...##
#o{.#
#(..##
#.#.#
#.####
#.#.#
#.####
#.#.#
#.....
#.#v#
#.####
#.#.#
#.#
#.#.#
#.#
#.#.#
#.#


You could see an orc.

Vanquished Creatures
  An adder (D:2)
  2 worms (D:2)
  2 dart slugs
  2 orcs (D:3)
  5 ball pythons
  6 endoplasms
  A giant cockroach (D:2)
  5 goblins
  2 hobgoblins (D:2)
  A quokka (D:1)
  3 bats (D:1)
  A frilled lizard (D:2)
  3 kobolds
  3 rats
37 creatures vanquished.

Vanquished Creatures (others)
  101 foxfires
101 creatures vanquished.

Grand Total: 138 creatures vanquished

Notes
Turn   | Place    | Note
-------+----------+-------------------------------------------
     0 | D:1      | raph the Deep Elf Fire Elementalist began the quest for the
                  | Orb.
     0 | D:1      | Reached XP level 1. HP: 10/10 MP: 6/6
   374 | D:1      | Reached XP level 2. HP: 15/15 MP: 4/8
   420 | D:1      | Learned a level 2 spell: Scorch
  1124 | D:2      | Reached skill level 4 in Fire Magic
  1168 | D:2      | Reached XP level 3. HP: 11/19 MP: 0/10
  1253 | D:2      | Learned a level 3 spell: Inner Flame
  1605 | D:2      | Learned a level 3 spell: Mephitic Cloud
  1631 | D:2      | Found Acuesch's General Store.
  1641 | D:2      | Bought a scroll of teleportation for 42 gold pieces
  1977 | D:3      | Found a faded altar of an unknown god.
  2074 | D:3      | Slain by an orc wizard

Illustrated notes

Levels and vault maps discovered:
D:1:      elethiomel_arrival_maze, layout_loops_ring
D:2:      kennysheep_big_flooded_room, layout_rooms, serial_shops, shop
D:3:      layout_loops_ring, shapermc_ecumenical_altar_petra, uniq_sigmund

Skill      XL: |  1  2  3 |
---------------+----------+-----
Fire Magic     | 4 |  4.4
Conjurations   | 2 |  2.2
Dodging        | |  2.4
Stealth        | |  2.4
Spellcasting   | |  3.7
Poison Magic   | |  0.2

Action                     || total
---------------------------++-------
  Melee: Unarmed           ||     2
         Short sword       ||     2
   Cast: Foxfire           ||    68
         Scorch            ||    13
    Use: Scroll            ||     7
         Potion            ||     1
 Armour: Robe              ||    15
  Dodge: Dodged            ||    13
